 Dungeon Crawl Stone Soup version 0.31-a0-198-g2ad674f65e (webtiles) character file.

Game seed: 11701934954287575147

63 qw the Shooter (level 3, -1/20 HPs)
             Began as a Deep Elf Hunter on June 25, 2023.
             Slain by a quokka (2 damage)
             ... on level 2 of the Dungeon.
             The game lasted 00:00:29 (1112 turns).

qw the Shooter (Deep Elf Hunter)                    Turns: 1112, Time: 00:00:30

Health: -1/20      AC:  5    Str: 10    XL:     3   Next: 87%
Magic:  5/5        EV: 11    Int: 13    God:
Gold:   87         SH:  0    Dex: 18    Spells: 2/2 levels left

rFire   . . .        Y - +0 shortbow
rCold   + . .        (shield currently unavailable)
rNeg    . . .        f - +0 ring mail
rPois   .            (no helmet)
rElec   .            (no cloak)
rCorr   .            (no gloves)
SInv    .            (no boots)
Will    .....        (no amulet)
Stlth   +            d - ring of protection from cold
HPRegen 0.23/turn    (no ring)
MPRegen 0.09/turn

%: no passive effects
@: lethally poisoned (-1 -> -3), about to teleport
A: no striking features
a: no special abilities


You were on level 2 of the Dungeon.
You visited 1 branch of the dungeon, and saw 2 of its levels.

You collected 87 gold pieces.


   Skills:
 - Level 1.5 Fighting
 + Level 7.3 Ranged Weapons
 - Level 2.4 Dodging
 - Level 1.2 Stealth


You had 2 spell levels left.
You didn't know any spells.
Your spell library was empty.

Inventory:

Hand Weapons
 Y - a +0 shortbow (weapon)
Armour
 f - a +0 ring mail (worn)
Jewellery
 d - a ring of protection from cold (left hand)
Scrolls
 a - a scroll of identify
Potions
 e - a potion of cancellation {unknown}
 i - a potion of degeneration {unknown}

Dungeon Overview and Level Annotations

Branches:
Dungeon (2/15)

Altars:


Message History

The adder moves out of view.
The giant cockroach moves out of view.
The quokka moves out of view.
Enter note:
Found a stone staircase leading up.
Enter note:
Enter note: You shoot an arrow.
The arrow hits the adder.
The adder is lightly wounded.
You shoot an arrow. The arrow hits the adder.
The adder is moderately wounded.
The adder bites you but does no damage. x2
You shoot an arrow. The arrow completely misses the adder.
The arrow hits the giant cockroach.
The giant cockroach is almost dead.
The adder bites you.
You are poisoned.
The adder poisons you! The adder bites you.
You shoot an arrow. The arrow closely misses the adder.
The arrow barely misses the quokka.
You feel sick. The adder barely misses you.
You shoot an arrow. The arrow hits the giant cockroach.
You kill the giant cockroach!
You feel sick. The adder completely misses you. The adder misses you.
You shoot an arrow. The arrow closely misses the adder.
You feel sick.
You are no longer poisoned.
The adder barely misses you.
You shoot an arrow. The arrow closely misses the adder.
The adder bites you.
You are poisoned.
The adder poisons you! The quokka closely misses you.
The quokka barely misses you. The adder closely misses you.
You shoot an arrow. The arrow closely misses the adder.
You feel sick. The adder misses you. The quokka bites you.
1112 ||| READING scroll of teleportation.
As you read the scroll of teleportation, it crumbles to dust.
You feel strangely unstable.
You feel sick. The adder barely misses you. The quokka closely misses you.
The adder bites you. The quokka bites you.
You die...

###
##.###############
#......(..........
#.################
###.# #.#.#######
#..........
#.#@#######
#..rS...#
#........#
#..........#
#..........#
#..........#
#..........#
#...<......#


You could see an adder and a quokka.

Vanquished Creatures
  2 gnolls (D:1)
  A dart slug (D:1)
  2 endoplasms (D:1)
  2 giant cockroaches
  3 goblins (D:1)
  5 hobgoblins
  2 jackals (D:1)
  3 quokkas (D:1)
  7 ball pythons
  3 bats (D:1)
  3 frilled lizards
  3 kobolds (D:1)
  4 rats (D:1)
40 creatures vanquished.

Notes
Turn   | Place    | Note
-------+----------+-------------------------------------------
     0 | D:1      | qw the Deep Elf Hunter began the quest for the Orb.
     0 | D:1      | Reached XP level 1. HP: 12/12 MP: 3/3
     0 | D:1      | 0 ||| qw: Version: 0.3-a-22-g0ed2b0b
     0 | D:1      | 0 ||| qw: Game counter: 5194
     0 | D:1      | 0 ||| qw: Melee chars always use a shield: true
     0 | D:1      | 0 ||| qw: God list: Okawaru
     0 | D:1      | 0 ||| qw: Allow faded altars: false
     0 | D:1      | 0 ||| qw: Do Orc after clearing Dungeon:15 true
     0 | D:1      | 0 ||| qw: Do second Lair branch before Depths: true
     0 | D:1      | 0 ||| qw: Lair rune preference: random
     0 | D:1      | 0 ||| qw: Goals: Normal
     0 | D:1      | 0 ||| PLANNING D:1-11
    19 | D:1      | HP: 3/12 [quokka (3)]
    91 | D:1      | HP: 1/12 [gnoll/+0 flail (11)]
    98 | D:1      | Reached skill level 6 in Ranged Weapons
    98 | D:1      | Reached XP level 2. HP: 4/16 MP: 4/4
   288 | D:1      | Reached XP level 3. HP: 20/20 MP: 5/5
   608 | D:1      | Reached skill level 7 in Ranged Weapons
   952 | D:1      | 952 ||| UPGRADING to +0 ring mail.
   962 | D:1      | 962 ||| DROPPING +0 leather armour.
   963 | D:1      | 963 ||| UPGRADING to ring of protection from cold.
   964 | D:1      | 964 ||| READING scroll labelled RELIUL WUZOZ.
   965 | D:1      | 965 ||| READING 2 scrolls labelled XUASSO HITECU.
   968 | D:1      | 968 ||| READING scroll labelled ITWERH CIQUX.
   969 | D:1      | 969 ||| DROPPING scroll of butterflies.
  1000 | D:2      | 1000 ||| STAIRDANCE
  1111 | D:2      | HP: 3/20 [quokka (3)]
  1112 | D:2      | 1112 ||| READING scroll of teleportation.
  1112 | D:2      | HP: 1/20 [adder (1)]
  1112 | D:2      | Slain by a quokka

Levels and vault maps discovered:
D:1:      ldierk_walled_garden, layout_basic, chequers_serial_rivers_large_b
D:2:      layout_rooms, serial_bayou_lagoon_a

Skill      XL: |  1  2  3 |
---------------+----------+-----
Ranged Weapons | 6 7 |  7.3
Fighting       | |  1.5
Dodging        | |  2.4
Stealth        | |  1.2

Action                     || total
---------------------------++-------
   Fire: Shortbow          ||   107
    Use: Scroll            ||     4
 Armour: Leather armour    ||     5
         Ring mail         ||     4
  Dodge: Dodged            ||    29

Table legend:
 A = Non-vault XP
 B = Vault XP
 C = Vault XP percentage of total XP
 D = Non-vault monster count
 E = Vault monster count
 F = Vault count percentage of total count
                 A         B        C        D         E       F
            +---------+---------+-------+---------+---------+-------
      Total |      90 |       0 |   0.0 |      40 |       0 |   0.0
            +---------+---------+-------+---------+---------+-------
        D:1 |      80 |       0 |   0.0 |      33 |       0 |   0.0
        D:2 |      10 |       0 |   0.0 |       7 |       0 |   0.0
            +---------+---------+-------+---------+---------+-------
